 Dungeon Crawl Stone Soup version 0.25-a0-160-gd1d2e81aba (webtiles) character file.

Game seed: 10336506124228564009, levelgen mode: deterministic

7 Gargoyl the Skirmisher (level 1, -15/19 HPs)
             Began as a Centaur Abyssal Knight on Nov 21, 2019.
             Was a Follower of Lugonu.
             Killed from afar by a green death (19 damage)
             ... with a bolt of poison
             ... on level 1 of the Abyss.
             The game lasted 00:00:16 (90 turns).

Gargoyl the Skirmisher (Centaur Abyssal Knight)       Turns: 90, Time: 00:00:17

Health: -15/19     AC:  4    Str: 14      XL:     1   Next: 83%
Magic:  2/2        EV:  9    Int: 11      God:    Lugonu [*.....]
Gold:   0          SH:  0    Dex:  6 (8)  Spells: 0/0 levels left

rFire    . . .     SeeInvis .   a - +1 hand axe
rCold    . . .     Gourm    .   (no shield)
rNeg     . . .     Faith    .   b - +0 leather armour
rPois    .         Spirit   .   (no helmet)
rElec    .         Reflect  .   (no cloak)
rCorr    .         Harm     .   (no gloves)
MR       .....     Rnd*Rage +   (no barding) Stlth ..........Rnd*Tele +
                                (no amulet)
HPRegen  0.06/turn              (no ring)
MPRegen  0.08/turn              (no ring)

@: lethally poisoned (-15 -> -35), very quick
A: large, hooves 3, [berserk 2], deformed body, speed 2, [teleportitis 2], tough
skin 3, [subdued magic 2]
a: Depart the Abyss, Renounce Religion


You were on level 1 of the Abyss.
You worshipped Lugonu.
Lugonu was aware of your devotion.
You were not hungry.

You visited 0 branches of the dungeon, and saw 0 of its levels.
You visited the Abyss 1 time.

Inventory:

Hand Weapons
 a - a +1 hand axe (weapon)
Armour
 b - a +0 leather armour (worn)
Comestibles
 c - 2 rations


   Skills:
 + Level 3.2 Fighting
 + Level 1.8 Axes
 + Level 1.5 Armour
 + Level 0.6 Dodging
 + Level 2.0 Invocations


You couldn't memorise any spells.
You didn't know any spells.
Your spell library was empty.

Dungeon Overview and Level Annotations

Branches:
Dungeon (0/15)

Altars:


Innate Abilities, Weirdness & Mutations

You have hooves in place of feet.
Armour fits poorly on your strangely shaped body.
You cover ground very quickly.
You have extremely tough skin. (AC +3)
[You often lose your temper in combat.]
[You are sometimes teleported next to monsters.]
[Your spells are easier to cast, but less powerful.]


Message History

* * * LOW HITPOINT WARNING * * *
The quasit bites you but does no damage.
The quasit barely misses you.
The quasit claws you but does no damage.
You closely miss the white imp. You kick the white imp.
You kill the white imp!
You hit the quasit but do no damage.
The quasit bites you but does no damage.
The quasit claws you but does no damage.
The quasit claws you.
* * * LOW HITPOINT WARNING * * *
You feel clumsy.
A green death comes into view.
The green death roars!
The wretched star pulses with an eldritch light!
You feel a little pissed off.
You feel angry. The green death gestures at you. The bolt of poison hits you!!
You are lethally poisoned!
Ouch! That really hurt!
You die...

#...#.##
.##...# .#
#.#.....#.#.##
#
####......#.#..
##.#
#......#....#.
.#
.#.#.#*....##.
.#...##.##..#
##.5#.#..#..#
#..#...###...#
#.#@.#.#.#
###.#
#.2.....##...
#.. ##.###.##
.#. .#. #. .. .
. . # ..# ##
###


You could see a green death, a wretched star and a quasit.

Vanquished Creatures
  A white imp (Abyss:1)
1 creature vanquished.

Notes
Turn   | Place    | Note
-------+----------+-------------------------------------------
     0 | Abyss:1  | Gargoyl the Centaur Abyssal Knight began the quest for the
                  | Orb.
     0 | Abyss:1  | Reached XP level 1. HP: 19/19 MP: 2/2
    41 | Abyss:1  | Noticed a smoke demon
    75 | Abyss:1  | Noticed a quasit
    77 | Abyss:1  | Noticed a wretched star
    86 | Abyss:1  | Noticed a green death
    90 | Abyss:1  | Killed from afar by a green death

Levels and vault maps discovered:
Abyss:1

Action                   || total
-------------------------++-------
Melee: Hand axe          ||     6
       Kick              ||     1
  Use: Scroll            ||     1
Armor: Leather armour    ||     9
Dodge: Dodged            ||     6

Table legend:
 A = Non-vault XP
 B = Vault XP
 C = Vault XP percentage of total XP
 D = Non-vault monster count
 E = Vault monster count
 F = Vault count percentage of total count
                 A         B        C        D         E       F
            +---------+---------+-------+---------+---------+-------
      Total |      10 |       0 |   0.0 |       1 |       0 |   0.0
            +---------+---------+-------+---------+---------+-------
    Abyss:1 |      10 |       0 |   0.0 |       1 |       0 |   0.0
            +---------+---------+-------+---------+---------+-------
